 Dungeon Crawl Stone Soup version 0.16-a0-3667-g690a316 (webtiles) character file.

121591 braks the Brawler (level 16, -8/139 HPs)
             Began as a Bearkin Monk on Feb 23, 2015.
             Was the Champion of Ru.
             Mangled by a komodo dragon (34 damage)
             ... on level 4 of the Orcish Mines on Feb 27, 2015.
             The game lasted 02:58:47 (35450 turns).

braks the Brawler (Bearkin Monk)                   Turns: 35450, Time: 02:58:47

Health: -8/139     AC: 15    Str: 20    XL:     16   Next: 32%
Magic:  32/32      EV:  9    Int: 12    God:    Ru [******]
Gold:   2310       SH: 13    Dex: 16    Spells: 8 memorised, 8 levels left

rFire  . . .     SeeInvis .       - Unarmed
rCold  + . .     Clarity  .     x - +2 robe {MR+}
rNeg   . . .     SustAb   .     g - +2 shield {rPois}
rPois  +         Gourm    .     (no helmet)
rElec  .         Spirit   .     b - +2 cloak
rCorr  .         Warding  .     (no gloves)
rMut   .         Stasis   .     (no boots)
MR     ++...                    N - amulet of regeneration
Stlth  ..........               P - +5 ring of protection
                                a - +1 ring of slaying

@: exhausted, marked, no potions, repel missiles, heavily drained, very
resistant to hostile enchantments, extremely unstealthy
A: claws 2, fangs 1, robust 1, shaggy fur 3, hind claws 3, cornered berserk,
inability to drink while threatened, no stealth, hated by all, cowardly,
inability to train dodging, inability to train armour
a: Cornered Berserk, Draw Out Power, Power Leap, Apocalypse, Renounce Religion


You were on level 4 of the Orcish Mines.
You worshipped Ru.
Ru was exalted by your worship.
You were full.

You visited 4 branches of the dungeon, and saw 24 of its levels.
You also visited: Volcano.

You collected 2530 gold pieces.
You spent 220 gold pieces at shops.

Inventory:

Missiles
 e - 8 steel javelins
 z - 2 poisoned javelins (quivered)
Armour
 b - a +2 cloak (worn)
 g - a +2 shield of poison resistance (worn)
 x - a +2 robe of magic resistance (worn)
Jewellery
 a - a +1 ring of slaying (left claw)
 N - an amulet of regeneration (around neck)
 P - a +5 ring of protection (right claw)
Magical devices
 c - a wand of paralysis (0)
 m - a wand of cold (0)
 o - a wand of disintegration (3)
 y - a wand of draining (0)
 B - a wand of polymorph (5)
Scrolls
 i - 5 scrolls of amnesia
 j - a scroll of enchant armour
 l - 7 scrolls of remove curse
 L - a scroll of magic mapping
 R - a scroll of recharging
Potions
 h - 4 potions of curing
 p - 4 potions of flight
 q - 2 potions of berserk rage
 s - 2 potions of brilliance
 t - a potion of might
 D - 3 potions of restore abilities
 H - 5 potions of ambrosia
 V - 2 potions of resistance
Books
 r - a book of Air

   Spells                             Type                      Level
   a - Shock                          Conjuration/Air              1
   b - Swiftness                      Charms/Air                   2
   c - Repel Missiles                 Charms/Air                   2
   d - Flight                         Charms/Air                   3
   e - Static Discharge               Conjuration/Air              3
   f - Lightning Bolt                 Conjuration/Air              5
 u - an Akashic Record {highlevel, unknown}

   This book is beyond your current level of understanding.

   Spells                             Type                      Level
   a - Dispersal                      Translocation                6
   b - Controlled Blink               Translocation                7
   c - Malign Gateway                 Summoning/Translocation      7
   d - Disjunction                    Translocation                8
   e - Singularity                    Translocation                9
 E - a book of Burglary

   Spells                             Type                      Level
   a - Swiftness                      Charms/Air                   2
   b - Passwall                       Transmutation/Earth          3
   c - Passage of Golubria            Translocation                4
   d - Lee's Rapid Deconstruction     Earth                        5
   e - Invisibility                   Hexes                        6
   f - Darkness                       Hexes                        7
 M - a book of Frost

   Spells                             Type                      Level
   a - Freeze                         Ice                          1
   b - Throw Frost                    Conjuration/Ice              2
   c - Ozocubu's Armour               Charms/Ice                   3
   d - Throw Icicle                   Conjuration/Ice              4
   e - Summon Ice Beast               Ice/Summoning                4
   f - Condensation Shield            Ice                          4
 W - a book of Minor Magic

   Spells                             Type                      Level
   a - Magic Dart                     Conjuration                  1
   b - Blink                          Translocation                2
   c - Call Imp                       Summoning                    2
   d - Repel Missiles                 Charms/Air                   2
   e - Slow                           Hexes                        2
   f - Conjure Flame                  Conjuration/Fire             3
   g - Mephitic Cloud                 Conjuration/Poison/Air       3
Comestibles
 d - 7 meat rations
 k - 4 bread rations
 n - 7 chunks of flesh
 G - 22 royal jellies


   Skills:
 + Level 11.8(10.2) Fighting
 - Level 4.4(3.1) Throwing
 - Level 10.0(8.4) Shields
 + Level 15.1(13.3) Unarmed Combat
 - Level 8.4(6.9) Spellcasting
 - Level 6.0(4.6) Charms
 - Level 5.0(3.6) Translocations
 + Level 6.1(4.7) Ice Magic
 - Level 5.2(3.8) Poison Magic
 - Level 7.3(5.9) Evocations


You had 8 spell levels left.
You knew the following spells:

 Your Spells              Type           Power        Failure   Level  Hunger
a - Ozocubu's Armour      Chrm/Ice       ###.....     10%         3    ###....
b - Repel Missiles        Chrm/Air       #.....       12%         2    #......
c - Mephitic Cloud        Conj/Pois/Air  #.......     30%         3    ###....
d - Condensation Shield   Ice            ###.......   28%         4    ####...
g - Cure Poison           Pois           ##........   6%          2    #......
p - Passage of Golubria   Tloc           N/A          41%         4    ####...
q - Flight                Chrm/Air       #.........   21%         3    ###....
t - Blink                 Tloc           N/A          8%          2    #......


Dungeon Overview and Level Annotations

Branches:
Dungeon (11/15)            Temple (1/1) D:5            Lair (8/8) D:9
  Swamp (0/5) Lair:5       Spider (0/5) Lair:6        Slime (0/6) Lair:8
    Orc (4/4) D:9             Elf (0/3) Orc:4

Altars:
Ashenzari
Dithmenos
Elyvilon
Gozag
Okawaru
Qazlal
Ru
Sif Muna
Trog
Vehumet
Xom
Yredelemnul
Zin
Jiyva

Shops:
D:5 [   Orc:1 (   Orc:3 ?

Annotations:
D:2 exclusion: downstairs
D:3 rb10c's ghost, average BeBe
D:8 exclusion: door
D:9 exclusion: downstairs
Lair:4 exclusion: downstairs


Innate Abilities, Weirdness & Mutations

You are too large for most types of armour.
You have very sharp fingernails.
You have very sharp teeth.
You are robust (+10% HP).
Your thick and shaggy fur keeps you warm (AC +3, rC+).
Your hind legs have very sharp claws.
You can berserk when greatly wounded.
You cannot drink potions while threatened.
You cannot be stealthy.
You are hated by all.
You are a coward.
You cannot train Dodging skill.
You cannot train Armour skill.


Message History

You claw the komodo dragon, but do no damage.
The komodo dragon is severely wounded.
You block the komodo dragon's attack.
You scratch the komodo dragon.
Your hind claws misses the komodo dragon.
The komodo dragon is severely wounded.
You scratch the komodo dragon but do no damage.
Your hind claws misses the komodo dragon.
You bite the komodo dragon, but do no damage.
The komodo dragon is severely wounded.
You block the komodo dragon's attack.
You scratch the komodo dragon.
The komodo dragon is almost dead.
You block the komodo dragon's attack.
You scratch the komodo dragon but do no damage.
You claw the komodo dragon, but do no damage.
You bite the komodo dragon, but do no damage.
The komodo dragon is almost dead.
The komodo dragon bites you!!
You die...

# ######### ### #######
###.#.##..#####.#####.##..##
.#.........#.#.§.§##.......###
................§§.##.....#..##
..........)....#@§§).....[....#
...............§l§§)......#..##
..........)....§§§.§..........#
...............§§.§§.........##
..#................)..[.......#
.##..........................##
......................o...)...#
.............................##
#.............................#


You could see a komodo dragon (bleeding).

Vanquished Creatures
  4 orc warlords
  The ghost of TekDriveTruck the Grappler, a powerful BeBe of Trog (Lair:1)
  8 hydras
  Nessos (Orc:3)
  Erica (Lair:7)
  13 death yaks
  4 orc high priests (Orc:4)
  Urug (D:10)
  A catoblepas (Lair:5)
  A fire crab (Lair:7)
  3 unseen horrors (D:10)
  Pikel (D:7)
  An ugly thing (D:11)
  4 orc sorcerers (Orc:4)
  4 orc knights
  A hornet (shapeshifter) (Orc:4)
  4 hill giants
  2 griffons
  8 elephants
  3 black mambas
  Joseph (D:9)
  18 spiny frogs
  A deep elf priest (Orc:4)
  3 fire drakes
  10 komodo dragons
  A queen bee (Lair:2)
  3 two-headed ogres
  A troll (D:10)
  A baby alligator (Lair:5)
  25 blink frogs
  Prince Ribbit (D:8)
  A giant leech (Lair:8)
  A boulder beetle (Lair:6)
  A tarantella (Lair:6)
  3 basilisks
  A fire bat (Volcano)
  3 wyverns
  47 yaks
  24 wolves
  A deep elf fighter (Orc:4)
  Grum (D:8)
  5 deep elf magi
  9 hippogriffs
  A soldier ant (D:9)
  Edmund (Orc:1)
  Menkaure (D:7)
  2 hell hounds (Volcano)
  7 vampire mosquitoes
  9 wargs
  10 porcupines
  16 water moccasins
  A sky beast (D:11)
  10 ogres
  47 orc warriors
  3 ice beasts
  A black bear (D:10)
  A necrophage (D:9)
  4 phantoms
  A wasp (Lair:5)
  2 boring beetles
  7 centaurs
  Duvessa (D:8)
  2 brain worms (D:9)
  28 giant frogs
  16 crocodiles
  A big kobold (D:7)
  2 gnoll sergeants
  3 scorpions
  25 killer bees
  9 wights
  5 electric eels
  8 hounds
  Dowan (D:8)
  2 crimson imps
  2 jellies
  A goliath beetle (D:6)
  A gnoll shaman (D:5)
  3 centaur skeletons
  A centaur zombie (D:7)
  4 iguanas
  3 giant frog zombies
  35 orc priests
  3 giant frog skeletons
  An iron imp (Orc:4)
  5 hell rats (Lair:5)
  10 worker ants
  37 orc wizards
  44 sheep
  Ijyb (D:7)
  2 hound zombies (D:10)
  2 mummies
  A hound skeleton (D:5)
  A worker ant zombie (D:5)
  28 gnolls
  32 river rats
  A giant mite (D:3)
  4 shadow imps
  22 adders
  A white imp (Lair:8)
  4 worms
  2 adder skeletons
  2 adder zombies
  4 giant geckos
  4 oozes
  194 orcs
  18 bats
  A bat zombie (D:5)
  6 giant cockroaches
  21 goblins
  22 hobgoblins
  12 jackals
  17 quokkas
  A ball python (D:1)
  A giant cockroach zombie (D:6)
  A giant gecko zombie (D:5)
  4 giant newts
  20 kobolds
  A quokka skeleton (D:9)
  25 rats
  A bush (Lair:8)
  24 fungi
  11 plants
1096 creatures vanquished.

Vanquished Creatures (others)
  A hill giant (D:11)
  2 two-headed ogres
  2 yaks
  2 hippogriffs
  A deep elf fighter (Volcano)
  A centaur (Volcano)
  A boring beetle (Lair:6)
  2 giant frogs
  An iguana (D:9)
  An orc wizard (D:6)
  11 orcs
  A rat (D:7)
  2 bushes (Lair:8)
  17 fungi
  6 plants
51 creatures vanquished.

Grand Total: 1147 creatures vanquished

Notes
Turn   | Place    | Note
--------------------------------------------------------------
     0 | D:1      | braks, the Bearkin Monk, began the quest for the Orb.
     0 | D:1      | Reached XP level 1. HP: 18/18 MP: 1/1
   170 | D:1      | Reached XP level 2. HP: 22/24 MP: 2/2
   671 | D:1      | Reached skill level 5 in Unarmed Combat
   798 | D:2      | Reached XP level 3. HP: 29/29 MP: 3/3
  1694 | D:2      | Gained mutation: You have very sharp fingernails. [bearkin transformation]
  1694 | D:2      | Reached XP level 4. HP: 35/35 MP: 4/4
  2155 | D:3      | Reached skill level 6 in Unarmed Combat
  2362 | D:3      | Reached XP level 5. HP: 29/41 MP: 5/5
  2397 | D:3      | Noticed rb10c's ghost (average BeBe)
  2445 | D:3      | Found a shadowy altar of Dithmenos.
  3055 | D:3      | Found a white marble altar of Elyvilon.
  3295 | D:3      | Gained mutation: You are covered in thick fur (AC +2). [bearkin transformation]
  3295 | D:3      | Reached XP level 6. HP: 37/48 MP: 6/6
  3310 | D:3      | Reached skill level 7 in Unarmed Combat
  4241 | D:4      | Reached XP level 7. HP: 49/55 MP: 7/7
  4575 | D:4      | Found an opulent altar of Gozag.
  4739 | D:4      | Reached skill level 8 in Unarmed Combat
  4769 | D:4      | Found a sacrificial altar of Ru.
  4807 | D:4      | Became a worshipper of Ru the Awakened
  5101 | D:5      | Entered Level 5 of the Dungeon
  5119 | D:5      | Found Pryczeq's Antique Armour Shop.
  5291 | D:5      | Found a staircase to the Ecumenical Temple.
  5304 | Temple   | Entered the Ecumenical Temple
  5471 | D:5      | Reached skill level 5 in Fighting
  5824 | D:5      | Reached skill level 9 in Unarmed Combat
  5826 | D:5      | Gained mutation: Your hind legs have sharp claws. [bearkin transformation]
  5826 | D:5      | Reached XP level 8. HP: 38/63 MP: 8/8
  7332 | D:6      | Gained mutation: You cannot train Dodging skill. [Ru sacrifice]
  7332 | D:6      | Acquired Ru's first power
  7351 | D:6      | Reached skill level 10 in Unarmed Combat
  7540 | D:6      | Found a shimmering altar of Xom.
  7633 | D:6      | Found a stormy altar of Qazlal.
  7648 | D:6      | Found a basalt altar of Yredelemnul.
  8237 | D:7      | Gained mutation: You are robust (+10% HP). [bearkin transformation]
  8237 | D:7      | Reached XP level 9. HP: 62/78 MP: 9/9
  8396 | D:7      | Noticed Ijyb
  8399 | D:7      | Noticed Menkaure
  8412 | D:7      | Killed Menkaure
  8412 | D:7      | Reached skill level 11 in Unarmed Combat
  8416 | D:7      | Killed Ijyb
  8854 | D:7      | Noticed Pikel
  8861 | D:7      | Killed Pikel
  8861 | D:7      | Reached skill level 1 in Throwing
  8861 | D:7      | Reached skill level 1 in Evocations
  9130 | D:7      | Gained mutation: You cannot train Armour skill. [Ru sacrifice]
  9130 | D:7      | Acquired Ru's second power
  9130 | D:7      | Acquired Ru's third power
  9680 | D:8      | Found a deep blue altar of Sif Muna.
  9797 | D:8      | Noticed Maurice
  9809 | D:8      | Noticed Maurice
  9817 | D:8      | Killed Maurice the warg
  9977 | D:8      | Noticed Prince Ribbit
 10114 | D:8      | Killed Prince Ribbit
 10306 | D:8      | Found a radiant altar of Vehumet.
 10331 | D:8      | Noticed Grum
 10342 | D:8      | Killed Grum
 10342 | D:8      | Reached XP level 10. HP: 64/88 MP: 11/15
 10538 | D:8      | Found an iron altar of Okawaru.
 10563 | D:8      | Noticed Duvessa
 10567 | D:8      | Noticed Dowan
 10570 | D:8      | Killed Duvessa
 10573 | D:8      | Killed Dowan
 11266 | D:9      | Found a shattered altar of Ashenzari.
 11286 | D:9      | Noticed Joseph
 11311 | D:9      | Killed Joseph
 11646 | D:9      | Found a staircase to the Orcish Mines.
 11661 | D:9      | Reached skill level 12 in Unarmed Combat
 11864 | D:9      | Learned a level 2 spell: Cure Poison
 12196 | D:9      | Gained mutation: You are hated by all. [Ru sacrifice]
 12196 | D:9      | Acquired Ru's fourth power
 12436 | D:9      | Found a staircase to the Lair.
 12677 | D:10     | Entered Level 10 of the Dungeon
 12677 | D:10     | Noticed a hill giant
 12765 | D:10     | Reached skill level 5 in Evocations
 12816 | D:10     | Reached skill level 1 in Poison Magic
 13101 | D:10     | Noticed an unseen horror
 13111 | D:10     | Killed an unseen horror
 13234 | D:10     | Noticed a hill giant
 13243 | D:10     | Noticed a hill giant
 13320 | D:10     | Reached XP level 11. HP: 61/97 MP: 19/19
 13657 | D:10     | Noticed Urug
 13669 | D:10     | Killed Urug
 13833 | D:10     | Killed an unseen horror
 13875 | D:10     | Killed a hill giant
 14135 | D:10     | Found a bloodstained altar of Trog.
 14174 | D:10     | Killed a hill giant
 15128 | D:11     | Got an encrusted long sword
 15168 | D:11     | Gained mutation: You are a coward. [Ru sacrifice]
 15168 | D:11     | Acquired Ru's fifth power
 15278 | D:10     | Reached skill level 10 in Fighting
 15287 | D:10     | Reached skill level 13 in Unarmed Combat
 15731 | D:10     | Noticed an unseen horror
 15735 | D:10     | Killed an unseen horror
 15794 | Lair:1   | Entered Level 1 of the Lair of Beasts
 15934 | Lair:1   | Noticed TekDriveTruck's ghost (powerful BeBe)
 15950 | Lair:1   | Killed TekDriveTruck's ghost
 15969 | Lair:1   | Reached skill level 5 in Poison Magic
 16698 | Lair:1   | Gained mutation: Your thick and shaggy fur keeps you warm (AC +3, rC+). [bearkin transformation]
 16698 | Lair:1   | Gained mutation: Your hind legs have very sharp claws. [bearkin transformation]
 16698 | Lair:1   | Reached XP level 12. HP: 52/107 MP: 22/22
 17129 | Lair:1   | Reached skill level 1 in Spellcasting
 17651 | Lair:2   | Got a warped demon whip
 17787 | Lair:2   | Gained mutation: You cannot drink potions while threatened. [Ru sacrifice]
 17968 | Lair:2   | Reached skill level 1 in Shields
 18731 | Lair:3   | Noticed a five-headed hydra
 18742 | Lair:3   | Killed a five-headed hydra
 19642 | Lair:3   | Reached skill level 5 in Shields
 20179 | Lair:4   | Identified the cursed -2 long sword of Dishonour {speed, +Rage rN+} (You found it on level 11 of the Dungeon)
 20300 | Lair:4   | Gained mutation: You cannot be stealthy. [Ru sacrifice]
 20490 | Lair:4   | Learned a level 2 spell: Repel Missiles
 20494 | Lair:4   | Learned a level 3 spell: Flight
 20829 | Lair:5   | Noticed an eight-headed hydra
 20834 | Lair:5   | Killed an eight-headed hydra
 20984 | Lair:5   | Reached XP level 13. HP: 50/115 MP: 24/24
 20985 | Lair:5   | Noticed a six-headed hydra
 21286 | Lair:5   | Killed a six-headed hydra
 21685 | Lair:5   | Noticed a four-headed hydra
 21706 | Lair:5   | Killed a four-headed hydra
 21706 | Lair:5   | Reached skill level 5 in Spellcasting
 21988 | Lair:5   | Noticed a six-headed hydra
 21999 | Lair:5   | Killed a six-headed hydra
 22223 | Lair:5   | Found a staircase to the Swamp.
 22229 | Lair:5   | Got a translucent dire flail
 23143 | Lair:6   | Found a hole to the Spider Nest.
 23280 | Lair:6   | Found a glowing silver altar of Zin.
 23894 | Lair:7   | Found a dark tunnel.
 23903 | Volcano  | Entered a volcano
 25109 | Lair:7   | Noticed Erica
 25124 | Lair:7   | Killed Erica
 25124 | Lair:7   | Reached XP level 14. HP: 118/122 MP: 28/29
 26225 | Lair:8   | Entered Level 8 of the Lair of Beasts
 26324 | Lair:8   | Learned a level 2 spell: Blink
 26436 | Lair:8   | Reached skill level 1 in Translocations
 26702 | Lair:8   | Found a staircase to the Slime Pits.
 26702 | Lair:8   | Found a viscous altar of Jiyva.
 27322 | Lair:8   | Reached skill level 10 in Shields
 27359 | Lair:8   | Reached skill level 5 in Translocations
 27374 | Lair:8   | Learned a level 3 spell: Ozocubu's Armour
 27378 | Lair:8   | Learned a level 3 spell: Mephitic Cloud
 27381 | Lair:8   | Learned a level 2 spell: Call Imp
 27546 | Lair:8   | Reached skill level 1 in Ice Magic
 28699 | Lair:8   | Reached skill level 14 in Unarmed Combat
 28791 | Lair:8   | Learned a level 4 spell: Condensation Shield
 29125 | Lair:6   | Reached skill level 1 in Charms
 30709 | D:11     | Noticed a hill giant
 30714 | D:11     | Killed a hill giant
 30891 | Orc:1    | Entered Level 1 of the Orcish Mines
 30917 | Orc:1    | Noticed Edmund
 30922 | Orc:1    | Killed Edmund
 31330 | Orc:1    | Found Xiygomog's Weapon Shop.
 31785 | Orc:3    | Found Raet's Magic Scroll Emporium.
 31807 | Orc:3    | Bought a scroll of identify for 26 gold pieces
 31807 | Orc:3    | Bought a scroll of torment for 97 gold pieces
 31807 | Orc:3    | Bought a scroll of vulnerability for 97 gold pieces
 31808 | Orc:3    | Reached skill level 5 in Charms
 31808 | Orc:3    | Reached XP level 15. HP: 130/130 MP: 31/31
 31829 | Orc:3    | Learned a level 4 spell: Passage of Golubria
 32008 | Orc:3    | Noticed Nessos
 32023 | Orc:3    | Killed Nessos
 32317 | Orc:3    | Noticed an orc warlord
 32342 | Orc:3    | Killed an orc warlord
 32342 | Orc:3    | Gained mutation: You have very sharp teeth. [bearkin transformation]
 32342 | Orc:3    | Reached XP level 16. HP: 72/137 MP: 28/32
 32469 | Orc:3    | Noticed an orc warlord
 32644 | Orc:3    | Killed an orc warlord
 32831 | Orc:4    | Entered Level 4 of the Orcish Mines
 33325 | Orc:4    | Reached skill level 5 in Ice Magic
 34019 | Orc:4    | Found a staircase to the Elven Halls.
 35200 | Orc:4    | Reached skill level 15 in Unarmed Combat
 35450 | Orc:4    | Mangled by a komodo dragon

Action                   |  1- 3 |  4- 6 |  7- 9 | 10-12 | 13-15 | 16-18 || total
-------------------------+-------+-------+-------+-------+-------+-------++-------
Melee: Unarmed           |   127 |   189 |   448 |   767 |  1267 |   459 ||  3257
Throw: Javelin           |       |     2 |    14 |    52 |    40 |     9 ||   117
       Tomahawk          |       |       |    13 |     3 |       |       ||    16
 Cast: Repel Missiles    |       |       |       |       |     2 |     1 ||     3
       Ozocubu's Armour  |       |       |       |       |     3 |     8 ||    11
       Call Imp          |       |       |       |       |     1 |       ||     1
       Blink             |       |       |       |       |       |     3 ||     3
       Mephitic Cloud    |       |       |       |       |       |     2 ||     2
Invok: Reject Sacrifices |       |       |     1 |       |       |       ||     1
       Sacrifice Nimblen |       |       |     1 |       |       |       ||     1
       Sacrifice Durabil |       |       |     1 |       |       |       ||     1
       Power Leap        |       |       |       |     7 |     8 |     5 ||    20
       Draw Out Power    |       |       |       |     5 |     2 |     1 ||     8
       Sacrifice Love    |       |       |       |     1 |       |       ||     1
       Apocalypse        |       |       |       |     5 |     6 |     4 ||    15
       Sacrifice Courage |       |       |       |     1 |       |       ||     1
       Sacrifice Drink   |       |       |       |     1 |       |       ||     1
       Sacrifice Stealth |       |       |       |     1 |       |       ||     1
 Abil: Cornered Berserk  |       |       |       |     2 |       |       ||     2
       Evoke Flight      |       |       |       |       |     3 |       ||     3
Evoke: Wand              |       |       |     4 |     8 |    16 |     8 ||    36
  Use: Potion            |       |     3 |       |     6 |    12 |    12 ||    33
       Scroll            |       |     3 |     7 |    15 |    14 |     3 ||    42
 Stab: Sleeping          |     3 |     1 |     4 |     3 |       |       ||    11
       Distracted        |       |       |     1 |     8 |     2 |     1 ||    12
       Invisible         |       |       |       |     7 |    15 |    14 ||    36
       Paralysed         |       |       |       |     9 |    30 |    13 ||    52
  Eat: Chunk             |     2 |     8 |     6 |    25 |    36 |     5 ||    82
       Bread ration      |       |       |     3 |     2 |       |     4 ||     9
       Fruit             |       |       |     1 |       |       |     2 ||     3
       Beef jerky        |       |       |       |     2 |     4 |       ||     6
       Pizza             |       |       |       |     1 |     3 |       ||     4
